Map: Para Site LE

Players

Hjax - Winner!

  • Race: Protoss Protoss
  • Spawn Location: 5:00

TheWagon

  • Race: Zerg Zerg
  • Spawn Location: 11:00

Event: WCS Montreal 2018

VOD

Have the link to the VOD?

Description

Time

  • Played on: Sept. 7, 2018, 1:08 p.m.
  • Length: 7:35

All games in this series

Show
View Real Time Build Order
Export as new Build Order

Hjax Protoss - Winner!

Build Orders: 1 Gate Expand, Oracle Opening, Zealot Archon, Archon Drop 

Get SALT Encoding   

  12  0:00  Probe  
  13  0:13  Probe  
  14  0:19  Pylon  
  14  0:25  Probe  
  15  0:34  Probe  
  15  0:39  Gateway  
  15  0:42  Probe  
  16  0:48  Assimilator  
  17  0:51  Probe  
  18  1:03  Probe  
  19  1:15  Probe  
  20  1:24  Nexus  
  20  1:35  Cybernetics Core  
  20  1:38  Probe  
  21  1:42  Assimilator  
  22  1:57  Pylon  
  23  2:02  Probe  
  23  2:06  Adept  
  22  2:10  Probe  
  25  2:18  Probe  
  26  2:28  Stargate  
  26  2:30  Adept, Probe  
  29  2:38  Probe  
  29  2:42  Gateway  
  29  2:43  Probe  
  31  2:46  Warp Gate  
  31  2:50  Probe  
  31  2:55  Probe  
  32  3:00  Adept  
  32  3:02  Probe  
  32  3:05  Oracle  
  35  3:06  Shield Battery  
  35  3:07  Probe  
  36  3:16  Probe  
  36  3:19  Probe  
  41  3:24  Pylon  
  41  3:28  Probe  
  41  3:31  Probe  
  43  3:40  Probe  
  44  3:43  Probe  
  44  3:46  Assimilator  
  43  3:50  Assimilator  
  43  3:53  Probe  
  43  3:54  Stargate  
  43  3:55  Probe  
  45  4:02  Robotics Facility  
  45  4:04  Twilight Council  
  45  4:05  Probe  
  45  4:07  Probe  
  47  4:17  Probe  
  47  4:19  Phoenix, Probe  
  49  4:24  Stargate  
  49  4:29  Probe  
  52  4:31  Probe  
  53  4:41  Probe  
  53  4:43  Charge  
  54  4:53  Pylon  
  54  4:54  Pylon  
  54  5:02  Warp Prism  
  54  5:03  Templar Archives  
  54  5:07  Probe  
  54  5:11  Probe  
  55  5:15  Gateway  
  55  5:18  Gateway x2  
  55  5:19  Gateway  
  55  5:20  Adept  
  57  5:22  Gateway  
  57  5:23  Adept, Gateway  
  59  5:49  Pylon  
  59  5:52  Pylon  
  59  5:56  Nexus  
  57  6:10  High Templar x2  
  57  6:14  Immortal  
  57  6:18  Adept  
  62  6:19  Archon  
  62  6:20  High Templar x2  
  62  6:21  Zealot x3  
  62  6:24  Archon  
  62  6:25  Pylon  
  72  6:26  Pylon  
  72  6:44  Zealot x7  
  85  7:03  High Templar  
  85  7:04  High Templar x3, Zealot  
  85  7:05  Zealot x3  
  101  7:08  Archon x2  
  91  7:25  Zealot  
  91  7:26  Zealot x2  
Show
View Real Time Build Order
Export as new Build Order

TheWagon Zerg 

Build Orders: Pool First 

Get SALT Encoding   

  12  0:00  Drone  
  13  0:12  Overlord  
  13  0:18  Drone  
  14  0:31  Drone x2  
  16  0:37  Drone  
  17  0:45  Spawning Pool  
  17  0:49  Drone  
  17  0:53  Extractor  
  17  0:56  Drone  
  17  1:16  Hatchery  
  16  1:18  Drone  
  16  1:22  Drone  
  18  1:31  Zergling x2  
  19  1:38  Queen  
  21  1:46  Overlord  
  21  1:50  Drone  
  22  1:56  Metabolic Boost  
  22  2:04  Drone  
  23  2:12  Drone  
  24  2:18  Queen  
  24  2:22  Drone  
  27  2:28  Drone  
  28  2:32  Drone  
  28  2:34  Evolution Chamber  
  28  2:39  Drone  
  28  2:43  Drone  
  30  2:49  Zergling x2  
  31  2:53  Drone x3  
  31  2:56  Queen  
  36  3:02  Zerg Melee Weapons Level 1  
  36  3:13  Hatchery  
  36  3:17  Drone  
  36  3:24  Spore Crawler  
  36  3:26  Spore Crawler  
  34  3:31  Zergling x4  
  35  3:44  Overlord  
  35  3:45  Drone  
  35  3:46  Lair  
  36  3:48  Overlord  
  36  4:05  Drone x5  
  36  4:06  Drone x3  
  36  4:07  Drone  
  46  4:24  Drone x4  
  46  4:25  Drone  
  46  4:26  Spore Crawler  
  46  4:27  Queen  
  46  4:28  Drone x2  
  53  4:37  Zergling x4  
  53  4:38  Zergling x2  
  50  4:46  Drone x5  
  55  4:58  Zergling x6  
  56  5:12  Overlord x3  
  56  5:15  Extractor  
  56  5:17  Hydralisk Den  
  54  5:28  Zerg Missile Weapons Level 1  
  53  5:29  Queen  
  53  5:31  Zergling x10  
  53  5:32  Drone x2  
  53  5:33  Drone  
  62  5:36  Drone x3  
  62  5:37  Drone x2  
  65  5:47  Extractor  
  65  5:48  Drone x2, Baneling Nest  
  65  5:49  Drone x2  
  67  5:50  Drone x2  
  69  6:01  Zergling x2  
  69  6:02  Zergling x4  
  70  6:10  Drone x2  
  70  6:11  Drone x2  
  74  6:19  Muscular Augments  
  73  6:25  Hydralisk, Extractor  
  73  6:26  Extractor, Overlord x3  
  73  6:30  Extractor, Overlord  
  72  6:33  Zergling x2  
  67  6:41  Hydralisk x2  
  67  6:42  Hydralisk x2  
  67  6:44  Zergling x4  
  67  6:45  Zergling x8  
  78  6:50  Zergling x8  
  82  7:00  Hydralisk  
  82  7:01  Hydralisk x2  
  81  7:03  Hydralisk  
  81  7:05  Zergling x2  
  81  7:06  Zergling x10  
  82  7:10  Overseer  
Tags
 
Add a new tag
Caveats
  • Supply blocks, unpowered buildings, or Contaminate may cause inaccurate times.
  • Supply counts are checked every 10 seconds.